 Dungeon Crawl Stone Soup version 0.21.1-1-g345015f (webtiles) character file.

76 Mirai the Magician (level 4, -3/36 HPs)
             Began as a Deep Elf Conjurer on Mar 26, 2018.
             Slain by Natasha (7 damage)
             ... on level 2 of the Dungeon.
             The game lasted 00:04:00 (1367 turns).

Mirai the Magician (Deep Elf Conjurer)              Turns: 1367, Time: 00:04:01

Health: -3/36      AC:  2    Str: 10    XL:     4   Next: 12%
Magic:  1/14       EV: 13    Int: 21    God:
Gold:   91         SH:  0    Dex: 15    Spells: 12/15 levels left

rFire    . . .     SeeInvis .   d - +0 short sword (curse)
rCold    . . .     Gourm    .   (no shield)
rNeg     . . .     Faith    .   a - +0 robe
rPois    .         Spirit   .   (no helmet)
rElec    .         Reflect  .   (no cloak)
rCorr    .         Harm     .   (no gloves)
MR       .....                  (no boots)
Stlth    ..........             (no amulet)
HPRegen  0.12/turn              (no ring)
MPRegen  0.14/turn              (no ring)

@: berserking (expiring), very quick
A: no striking features
a: no special abilities


You were on level 2 of the Dungeon.
You were not hungry.

You visited 1 branch of the dungeon, and saw 2 of its levels.

You collected 91 gold pieces.

Inventory:

Hand Weapons
 d - a cursed +0 short sword (weapon)
 g - a cursed -1 spear
Armour
 a - a +0 robe (worn)
 f - a +2 helmet
Scrolls
 i - a scroll of blinking {unknown}
Potions
 j - a potion of mutation {unknown}
 k - a potion of heal wounds {unknown}
Books
 b - a book of Conjurations

   Spells                             Type                      Level
   a - Magic Dart                     Conjuration                  1
   b - Searing Ray                    Conjuration                  2
   c - Dazzling Spray                 Conjuration/Hexes            3
   d - Fulminant Prism                Conjuration/Hexes            4
   e - Force Lance                    Conjuration/Translocation    4
   f - Iskenderun's Mystic Blast      Conjuration                  4
Comestibles
 c - 4 rations
 l - a chunk of flesh


   Skills:
 - Level 2.4 Dodging
 - Level 2.4 Stealth
 + Level 6.1 Spellcasting
 - Level 4.3 Conjurations


You had 12 spell levels left.
You knew the following spells:

 Your Spells              Type           Power        Failure   Level  Hunger
a - Magic Dart            Conj           ###.         1%          1    None
b - Searing Ray           Conj           ###...       2%          2    None


Dungeon Overview and Level Annotations

Branches:
Dungeon (2/15)

Altars:

Annotations:
D:2 Natasha


Message History

You feel yourself moving faster!
You feel mighty! Natasha casts a spell at you. The magic dart hits you!
* * * LOW HITPOINT WARNING * * *
Unknown command.
You completely miss Natasha.
Natasha is moderately wounded.
You completely miss Natasha.
Natasha is moderately wounded.
Natasha claws you.
* * * LOW HITPOINT WARNING * * *
You hit Natasha.
Natasha is heavily wounded.
Natasha claws you but does no damage.
You closely miss Natasha.
Natasha is heavily wounded.
You barely miss Natasha.
Natasha is heavily wounded.
Natasha claws you!
You die...

####......+.................#
..........########.###...รท..#
.......... #.# #......#
.........# #.# #......####
.........# #.# #..........
.........#########.###..........
.........)......................
........###%..###..#............
...............@h..####........#
(?......###...###...............
.............## #.##############
.#####.......# #.# #.......# #.#
#######.# #.# ... ... .. ..


You could see Natasha.

Vanquished Creatures
  Natasha (D:2)
  2 adders (D:2)
  3 bats
  3 hobgoblins
  7 jackals
  6 frilled lizards
  5 goblins
  5 kobolds
  3 rats
35 creatures vanquished.

Notes
Turn   | Place    | Note
-------+----------+-------------------------------------------
     0 | D:1      | Mirai the Deep Elf Conjurer began the quest for the Orb.
     0 | D:1      | Reached XP level 1. HP: 10/10 MP: 6/6
   247 | D:1      | Reached skill level 4 in Spellcasting
   247 | D:1      | Reached XP level 2. HP: 15/15 MP: 7/9
   932 | D:2      | Learned a level 2 spell: Searing Ray
   991 | D:2      | Reached skill level 5 in Spellcasting
   991 | D:2      | Reached XP level 3. HP: 10/19 MP: 1/11
  1301 | D:2      | Noticed Natasha
  1306 | D:2      | Killed Natasha
  1333 | D:2      | Reached skill level 6 in Spellcasting
  1333 | D:2      | Reached XP level 4. HP: 6/24 MP: 5/14
  1358 | D:2      | Noticed Natasha
  1367 | D:2      | Slain by Natasha

Skill      XL: |  1  2  3 |
---------------+----------+-----
Spellcasting   | 4 5 6 |  6.1
Dodging        | |  2.4
Stealth        | |  2.4
Conjurations   | |  4.3

Action                   |  1- 3 |  4- 6 || total
-------------------------+-------+-------++-------
Melee: Short sword       |    39 |     5 ||    44
 Cast: Magic Dart        |    52 |     9 ||    61
  Use: Potion            |       |     2 ||     2
  Eat: Chunk             |     1 |       ||     1
Armor: Robe              |    11 |     1 ||    12
Dodge: Dodged            |    51 |     9 ||    60
